 Dungeon Crawl Stone Soup version 0.26.1-2-gb8aa6d0cf2 (webtiles) character file.

Game seed: 7802012844690166536

463 axecop the Distorting Demonspawn (level 6, -1/48 HPs)
             Began as a Demonspawn Abyssal Knight on Mar 12, 2021.
             Was a Believer of Lugonu.
             Slain by a hellwing (5 damage)
             ... led by Pikel
             ... on level 5 of the Dungeon.
             The game lasted 00:07:08 (6043 turns).

axecop the Distorting Demonspawn (DsAK)             Turns: 6043, Time: 00:07:09

Health: -1/48      AC:  9    Str: 11 (12) XL:     6   Next: 79%
Magic:  0/9        EV: 11    Int: 13 (16) God:    Lugonu [**....]
Gold:   225        SH:  0    Dex:  9 (12) Spells: 5/5 levels left

rFire    . . .     SeeInvis .   a - +1 whip (elec)
rCold    . . .     Faith    .   (no shield)
rNeg     . . .     Spirit   +   b - +1 leather armour
rPois    .         Reflect  .   (helmet restricted)
rElec    .         Harm     .   (no cloak)
rCorr    .         Rampage  .   z - +2 pair of gloves
Will     +....                  w - +0 pair of boots
Stlth    +.........             y - amulet of guardian spirit
HPRegen  0.16/turn              (no ring)
MPRegen  0.11/turn              (no ring)

@: no status effects
A: antennae 2, talons 1, strong-willed 1, MP-powered wands, sharp scales 1
a: Renounce Religion, Depart the Abyss, Bend Space


You were on level 5 of the Dungeon.
You worshipped Lugonu.
Lugonu was pleased with you.
You visited 1 branch of the dungeon, and saw 5 of its levels.
You visited the Abyss 1 time.

You collected 225 gold pieces.

Inventory:

Hand Weapons
 a - a +1 whip of electrocution (weapon)
 h - a +1 mace of draining
 k - a +1 mace
 q - a +1 short sword of protection
Missiles
 c - 3 poisoned darts (quivered)
 e - 10 bolts
 l - 45 sling bullets
Armour
 b - a +1 leather armour (worn)
 d - a +1 helmet of intelligence
 g - +0 fire dragon scales
 w - a +0 pair of boots (worn)
 z - a +2 pair of gloves (worn)
Jewellery
 y - an amulet of guardian spirit (around neck)
Wands
 p - a wand of polymorph (2)
Scrolls
 f - 2 scrolls of enchant armour
 j - a scroll of magic mapping
 n - 2 scrolls of remove curse
Potions
 r - 3 potions of brilliance
 t - a potion of mutation


   Skills:
 + Level 4.3 Fighting
 * Level 4.4 Maces & Flails
 + Level 3.3 Armour
 - Level 0.8 Dodging
 + Level 4.7 Invocations


You had 5 spell levels left.
You didn't know any spells.
Your spell library was empty.

Dungeon Overview and Level Annotations

Branches:
Dungeon (5/15)             Temple (0/1) D:4

Altars:
Dithmenos
Makhleb
Okawaru
Ru
Zin
The Shining One

Annotations:
D:3 1 runed translucent door, wallyj24's ghost, amateur GnFi
D:5 Duvessa; Pikel


Innate Abilities, Weirdness & Mutations

You have a pair of antennae on your head.
You are partially covered in razor-sharp scales. (AC +1, Slay +1)
You have sharp toenails.
You are strong-willed. (Will+)
You expend magic power (3 MP) to strengthen your wands.


Message History

Unknown command.
You don't have enough magic at the moment.
Unknown command.
Unknown command.
Okay, then.
The centaur shoots an arrow.
The arrow hits you.
* * * LOW HITPOINT WARNING * * *
The arrow freezes you.
* * * LOW HITPOINT WARNING * * *
You see here an arrow.
Unknown command.
The hellwing swoops through the air toward you!
The hellwing barely misses you.
The hellwing hits you but does no damage.
The hellwing barely misses you.
The hellwing hits you but does no damage.
The centaur shoots an arrow.
The arrow barely misses you.
The hellwing swoops through the air toward you!
The hellwing hits you.
You die...

.#...............................
<.........######....##........###
.#........# #....###....####
##........# #....##.....#
#.......<# #.....)..##.###
##....#### #.....#..##...##
###...###### #.>...(.#####..##
#..........# #....#### ##..#
#....#####.####@4..# ##.##
#..................# ###...
#.....####...##....# #####.....
#....### ##.{#####.####.....###.
#......# #(.####.l(.l.l##### ##
##....#.####.c{..#(.###### #
#####.#.........{.....# # ###
#.###...........### # ..###.#
#...........# #


You could see a hellwing and an iguana.

Vanquished Creatures
  An ogre (D:4)
  2 lemures
  A bullfrog (D:5)
  Dowan (D:5)
  An orc priest (D:3)
  An iguana (D:5)
  2 worker ants
  A hound skeleton (D:5)
  3 gnolls (D:4)
  4 adders
  4 dart slugs
  3 leopard geckos (D:4)
  10 orcs
  A ball python (D:5)
  5 bats
  A giant cockroach (D:2)
  11 goblins
  5 hobgoblins
  9 kobolds
  2 quokkas (D:3)
  5 frilled lizards
  A jackal skeleton (D:4)
  3 quokka skeletons (D:5)
  7 rats
84 creatures vanquished.

Vanquished Creatures (others)
  A shadow imp (D:5)
  A leopard gecko (D:5)
2 creatures vanquished.

Grand Total: 86 creatures vanquished

Notes
Turn   | Place    | Note
-------+----------+-------------------------------------------
     0 | Abyss:1  | axecop the Demonspawn Abyssal Knight began the quest for
                  | the Orb.
     0 | Abyss:1  | Reached XP level 1. HP: 18/18 MP: 2/2
    32 | D:1      | Escaped the Abyss
   172 | D:1      | Gained mutation: You have a pair of small antennae on your
                  | head. [demonic ancestry]
   172 | D:1      | Reached XP level 2. HP: 22/24 MP: 4/4
   682 | D:2      | Found a burning altar of Makhleb.
   682 | D:2      | Found a glowing golden altar of the Shining One.
   689 | D:2      | Found an iron altar of Okawaru.
   691 | D:2      | Found a shadowy altar of Dithmenos.
   693 | D:2      | Found a sacrificial altar of Ru.
  1239 | D:2      | Reached XP level 3. HP: 24/29 MP: 5/5
  1587 | D:3      | Found a runed translucent door.
  1587 | D:3      | Noticed wallyj24's ghost (amateur GnFi)
  1853 | D:3      | Reached ** piety under Lugonu
  2610 | D:3      | Gained mutation: You have a pair of antennae on your head.
                  | [demonic ancestry]
  2610 | D:3      | Reached XP level 4. HP: 24/35 MP: 6/6
  4005 | D:4      | Found a glowing silver altar of Zin.
  4021 | D:4      | Gained mutation: You are partially covered in razor-sharp
                  | scales. (AC +1, Slay +1) [demonic ancestry]
  4021 | D:4      | Reached XP level 5. HP: 42/42 MP: 7/7
  4306 | D:4      | Noticed an ogre
  4313 | D:4      | Killed an ogre
  4314 | D:4      | Reached XP level 6. HP: 48/48 MP: 9/9
  4320 | D:4      | Found a staircase to the Ecumenical Temple.
  4483 | D:5      | Entered Level 5 of the Dungeon
  4783 | D:5      | Noticed Pikel
  5332 | D:5      | Noticed Dowan
  5340 | D:5      | Killed Dowan
  5350 | D:5      | Noticed Duvessa
  5580 | D:5      | Gained mutation: You have sharp toenails. [potion of
                  | mutation]
  5580 | D:5      | Gained mutation: You expend magic power (3 MP) to
                  | strengthen your wands. [potion of mutation]
  5580 | D:5      | Gained mutation: You are strong-willed. (Will+) [potion of
                  | mutation]
  5590 | D:5      | Noticed a red devil
  5590 | D:5      | a lemure changed into a red devil
  5593 | D:5      | Noticed a hellwing
  5593 | D:5      | a red devil changed into a hellwing
  5613 | D:5      | Noticed Pikel
  5613 | D:5      | Pikel changed into Pikel the rime drake
  6030 | D:5      | HP: 2/48 [centaur/arrow (1)]
  6043 | D:5      | Slain by a hellwing

Illustrated notes

Levels and vault maps discovered:
D:1:      nzn_arrival_water_spiral, layout_basic
D:2:      layout_basic, chequers_temple_overflow_minitemple, minmay_cut_off
D:3:      kennysheep_the_goblin_king, layout_rooms, gammafunk_ghost_grave
D:4:      layout_loops_ring, kennysheep_mini_moat, temple_hall, minivault_19
D:5:      layout_rooms, uniq_pikel, uniq_duvessa

Skill      XL: |  1  2  3  4  5  6 |
---------------+-------------------+-----
Maces & Flails | 2 3 4 |  4.4
Armour         | 2 3 |  3.3
Invocations    | 3 4 |  4.7
Fighting       | 4 |  4.3
Dodging        | |  0.8

Action                   |  1- 3 |  4- 6 || total
-------------------------+-------+-------++-------
Melee: Mace              |   143 |   193 ||   336
       Short sword       |       |    15 ||    15
Throw: Dart              |       |     2 ||     2
Invok: Bend Space        |       |     5 ||     5
Evoke: Wand              |       |     4 ||     4
  Use: Scroll            |     5 |    12 ||    17
       Potion            |     3 |    11 ||    14
 Stab: Sleeping          |     1 |       ||     1
       Invisible         |       |     5 ||     5
Armor: Leather armour    |    52 |    77 ||   129
       Skin              |       |    11 ||    11
Dodge: Dodged            |   105 |   174 ||   279
